 Dungeon Crawl Stone Soup version 0.28.0-53-g5a82cb258f (webtiles) character file.

Game seed: 10335491401444436973

112 jjjjhere the Skirmisher (level 4, -1/44 HPs)
             Began as a Minotaur Hunter on Oct 21, 2022.
             Slain by an orc wizard
             ... wielding a +0 dagger
              (3 damage)
             ... on level 2 of the Dungeon.
             The game lasted 00:01:59 (1108 turns).

jjjjhere the Skirmisher (Minotaur Hunter)           Turns: 1108, Time: 00:02:00

Health: -1/44      AC:  5    Str: 20 (21) XL:     4   Next: 64%
Magic:  3/3        EV: 11    Int:  5 (8)  God:
Gold:   55         SH:  0    Dex:  8 (10) Spells: 3/3 levels left

rFire   + . .      SeeInvis .   a - +0 short sword
rCold   . . .      Faith    .   (no shield)
rNeg    . . .      Spirit   .   f - +0 ring mail
rPois   .          Reflect  .   (helmet restricted)
rElec   .          Harm     .   (no cloak)
rCorr   .          Rampage  .   (no gloves)
Will    .....                   (no boots)
Stlth   +.........              (no amulet)
HPRegen 0.14/turn               (no ring)
MPRegen 0.08/turn               (no ring)

@: attractive
A: horns 2, retaliatory headbutt, fire resistance 1, strong 1, wild magic 1
a: no special abilities


You were on level 2 of the Dungeon.
You visited 1 branch of the dungeon, and saw 2 of its levels.

You collected 55 gold pieces.

Inventory:

Hand Weapons
 a - a +0 short sword (weapon)
 m - a +0 whip
Missiles
 c - 8 javelins (quivered)
 d - 2 throwing nets
 e - a boomerang
Armour
 b - a +0 leather armour
 f - a +0 ring mail (worn)
Scrolls
 g - 4 scrolls of identify {unknown}
 i - a scroll of brand weapon {unknown}


   Skills:
 + Level 6.0 Fighting
 - Level 4.0 Throwing
 - Level 2.1 Dodging
 - Level 0.7 Stealth


You had 3 spell levels left.
You didn't know any spells.
Your spell library was empty.

Dungeon Overview and Level Annotations

Branches:
Dungeon (2/15)

Altars:


Innate Abilities, Weirdness & Mutations

You have a pair of horns on your head.
You reflexively headbutt those who attack you in melee.
Your flesh is heat resistant. (rF+)
Your muscles are strong. (Str +2)
Your spells are a little harder to cast, but a little more powerful.


Message History

The orc is lightly wounded.
Something hits you but does no damage.
Throw: 9 javelins
Press: ? - help, Q - select action, (/) - cycle Shift-Dir - straight line, f/p - orc priest
Aim: an orc priest, wielding a +0 flail (moderately wounded, 57% to hit)
You throw a javelin.
The javelin pierces through the orc priest!
You kill the orc priest!
The javelin closely misses the orc.
Something hits you.
* * * LOW HITPOINT WARNING * * *
You feel your strength returning.
You feel your dexterity returning.
Your Fighting skill increases to level 6!
You feel better. Something hits you.
* * * LOW HITPOINT WARNING * * *
You hear some strange, mumbled words.
Something tries to affect you, but you resist.
Something is attracted toward you. The orc is attracted toward you.
You hear some strange, mumbled words.
You are confused.
Something is attracted toward you. The orc is attracted toward you.
You bump into the rock wall.
Something completely misses you.
You bump into the rock wall.
Something hits you.
* * * LOW HITPOINT WARNING * * *
You completely miss something. Your headbutt misses something.
You feel less confused. Something hits you but does no damage.
You barely miss something. Something hits you.
* * * LOW HITPOINT WARNING * * *
You hear some strange, mumbled words.
A magic dart appears from out of thin air!
The magic dart hits you!
* * * LOW HITPOINT WARNING * * *
The orc is attracted toward you.
You aren't carrying any potions.
Something is attracted toward you. The orc is attracted toward you.
An orc wizard appears from thin air!
Reactivating autopickup.
The orc wizard hits you with a +0 dagger.
You die...

#.. ##### ###### #.# #...#
#....# #.### ## #...# #....#
#.#.# .. ######...###....#
#.#.#####..
#...........#.#####.#... ....
#.####...##.#.......#.# #...
#<#...#####.#.........####...
###...##....@................
#...##.##o##############.##
#...##.##..o§.......))))†.(
#[.......###############...
#........# . ###...
#........# #.##.....
###...>..... .>...#...
#......### #......{.
#........ #####....


You could see an orc wizard.

Vanquished Creatures
  2 orc priests (D:2)
  An orc wizard (D:2)
  2 dart slugs
  2 endoplasms
  3 giant cockroaches (D:1)
  4 goblins
  4 hobgoblins (D:1)
  3 kobolds (D:1)
  2 ball pythons (D:1)
  7 bats
  2 frilled lizards (D:1)
  4 rats
36 creatures vanquished.

Notes
Turn   | Place    | Note
-------+----------+-------------------------------------------
     0 | D:1      | jjjjhere the Minotaur Hunter began the quest for the Orb.
     0 | D:1      | Reached XP level 1. HP: 18/18 MP: 0/0
   244 | D:1      | Reached skill level 3 in Fighting
   294 | D:1      | Reached XP level 2. HP: 26/26 MP: 1/1
   471 | D:1      | Reached skill level 4 in Fighting
   654 | D:1      | Reached XP level 3. HP: 34/34 MP: 2/2
  1084 | D:2      | HP: 3/34 [orc priest/divine providence (15)]
  1088 | D:2      | Gained mutation: Your flesh is heat resistant. (rF+)
                  | [potion of mutation]
  1088 | D:2      | Gained mutation: Your spells are a little harder to cast,
                  | but a little more powerful. [potion of mutation]
  1088 | D:2      | Gained mutation: Your muscles are strong. (Str +2) [potion
                  | of mutation]
  1090 | D:2      | Reached skill level 5 in Fighting
  1090 | D:2      | HP: 4/36 [something/puff of flame (4)]
  1091 | D:2      | Reached XP level 4. HP: 5/42 MP: 3/3
  1093 | D:2      | Reached skill level 6 in Fighting
  1102 | D:2      | HP: 11/44 [something (1)]
  1104 | D:2      | HP: 1/44 [something/magic dart (7)]
  1108 | D:2      | Slain by an orc wizard

Illustrated notes

Levels and vault maps discovered:
D:1:      amcnicky_arrival_flooded_fountain, layout_basic, minmay_tromino_v2
D:2:      layout_basic, shapermc_ecumenical_altar_venn

Skill      XL: |  1  2  3  4 |
---------------+-------------+-----
Fighting       | 3 4 5 6 |  6.0
Throwing       | |  4.0
Dodging        | |  2.1
Stealth        | |  0.7

Action                   |  1- 3 |  4- 6 || total
-------------------------+-------+-------++-------
Melee: Short sword       |    87 |     2 ||    89
       Headbutt          |    10 |       ||    10
       Punch             |     2 |       ||     2
Throw: Boomerang         |     1 |       ||     1
       Javelin           |     2 |     2 ||     4
  Use: Potion            |     4 |     1 ||     5
Armor: Leather armour    |     8 |       ||     8
       Ring mail         |    32 |     2 ||    34
Dodge: Dodged            |    58 |     1 ||    59
